 Dungeon Crawl Stone Soup version 0.21-a0-185-g3a6ed1e (webtiles) character file.

15 namelastname112 the Magician (level 2, -3/24 HPs)
             Began as a Draconian Wanderer on Aug 12, 2017.
             Slain by a hobgoblin
             ... wielding a +0 club
              (4 damage)
             ... on level 1 of the Dungeon.
             The game lasted 00:00:42 (551 turns).

namelastname112 the Magician (Draconian Wanderer)    Turns: 551, Time: 00:00:43

Health: -3/24      AC:  4    Str: 16    XL:     2   Next: 34%
Magic:  6/6        EV: 11    Int: 11    God:
Gold:   28         SH:  0    Dex:  9    Spells: 7/7 levels left

rFire    . . .     SeeInvis .   e - +0 dagger
rCold    . . .     Gourm    .   (no shield)
rNeg     . . .     Faith    .   (armour unavailable)
rPois    .         Spirit   .   (helmet restricted)
rElec    .         Reflect  .   (no cloak)
rCorr    .         Harm     .   (no gloves)
MR       .....                  (no boots)
Stlth    +.........             (no amulet)
HPRegen  0.08/turn              (no ring)
MPRegen  0.10/turn              (no ring)

@: no status effects
A: unfitting armour, cold-blooded, AC +4
a: no special abilities


You were on level 1 of the Dungeon.
You were not hungry.

You visited 1 branch of the dungeon, and saw 1 of its levels.

You collected 28 gold pieces.

Inventory:

Hand Weapons
 b - a +2 blowgun
 e - a +0 dagger (weapon)
Missiles
 a - 4 curare-tipped needles
Scrolls
 g - a scroll of identify {unknown}
 i - a scroll of noise {unknown}
 j - a scroll of blinking {unknown}
Potions
 h - a potion of ambrosia {unknown}
Books
 c - the Incunabulum of Calling

   Spells                             Type                      Level
   a - Summon Butterflies             Summoning                    1
   b - Call Canine Familiar           Summoning                    3
 d - the Tome of Unreason

   Spells                             Type                      Level
   a - Flame Tongue                   Conjuration/Fire             1
   b - Inner Flame                    Hexes/Fire                   3
Comestibles
 f - a bread ration


   Skills:
 + Level 2.0 Fighting
   Level 2.0 Axes
 - Level 1.0 Throwing
 + Level 1.1 Dodging
   Level 1.0 Shields
 - Level 3.0 Spellcasting
   Level 2.0 Fire Magic


You had 7 spell levels left.
You didn't know any spells.

Dungeon Overview and Level Annotations

Branches:
Dungeon (1/15)

Altars:


Innate Abilities, Weirdness & Mutations

Your plain brown scales are hard. (AC +4)
You cannot fit into any form of body armour.
You are cold-blooded and may be slowed by cold attacks.


Message History

There are monsters nearby!
You are too injured to fight recklessly!
You are too injured to fight recklessly!
You hit the hobgoblin but do no damage.
You tail-slap the hobgoblin, but do no damage.
The rat barely misses you. The hobgoblin closely misses you.
You barely miss the hobgoblin. The rat bites you.
The hobgoblin hits you with a club.
* * * LOW HITPOINT WARNING * * *
You take 5 damage, and have 7/24 hp.
MASSIVE DAMAGE!!
You hit the hobgoblin but do no damage. The rat barely misses you.
The hobgoblin hits you with a club.
* * * LOW HITPOINT WARNING * * *
A rat comes into view.
You take 6 damage, and have 1/24 hp.
MASSIVE DAMAGE!!
You hit the hobgoblin.
The hobgoblin is heavily wounded.
The rat bites you but does no damage. The hobgoblin barely misses you.
The hobgoblin hits you with a club.
You die...

#..?... #.#$..# .
# #.#...# .. .
##.###.#...#... .
.r.......(!..>. #.
......)........ .
#.....##..
#rg.......
.######@####.##.
..............# ..
####.............#
. .....#..
..#####.# ###..#.#
.. #.# #
#......... #.#
###...##.#.# #.#
....†.##.#.# #.#
.#.........#####.#


You could see a hobgoblin and a rat.

Vanquished Creatures
  2 dart slugs (D:1)
  2 goblins (D:1)
  2 hobgoblins (D:1)
  2 kobolds (D:1)
  3 rats (D:1)
11 creatures vanquished.

Notes
Turn   | Place    | Note
-------+----------+-------------------------------------------
     0 | D:1      | namelastname112 the Draconian Wanderer began the quest for the Orb.
     0 | D:1      | namelastname112 set off with: 4 curare-tipped needles, a +2 blowgun, the Incunabulum of Calling, the Tome of Unreason, a bread ration
     0 | D:1      | Reached XP level 1. HP: 16/16 MP: 4/4
     0 | D:1      | Identified the Incunabulum of Calling
     0 | D:1      | Identified the Tome of Unreason
   252 | D:1      | Reached skill level 1 in Dodging
   252 | D:1      | Reached XP level 2. HP: 19/24 MP: 6/6
   548 | D:1      | HP: 1/24 [hobgoblin/club (6)]
   551 | D:1      | Slain by a hobgoblin

Vault maps used:
D:1:      erik_arrival_blinker_ship

Skill      XL: |  1  2 |
---------------+-------+-----
Dodging        | 1 |  1.1
Fighting       | 2 |  2.0
Axes           | |  2.0
Throwing       | |  1.0
Shields        | |  1.0
Spellcasting   | |  3.0
Fire Magic     | |  2.0

Action                   || total
-------------------------++-------
Melee: Unarmed           ||    77
       Tailslap          ||    16
       Dagger            ||    17
Armor: Skin              ||    28
Dodge: Dodged            ||    43
